 Dungeon Crawl Stone Soup version 0.28-a0-265-g048bc9fd10 (webtiles) character file.

Game seed: 3278688037016840670

3146 theanonym the Cleaver (level 9, -9/74 HPs)
             Began as a Mummy Delver on Aug 28, 2021.
             Was an Initiate of Gozag.
             Killed from afar by a steam dragon (16 damage)
             ... with a ball of steam
             ... on level 8 of the Dungeon.
             The game lasted 00:11:58 (11561 turns).

theanonym the Cleaver (Mummy Delver)               Turns: 11561, Time: 00:11:59

Health: -9/74      AC: 19    Str: 18    XL:     9   Next: 62%
Magic:  9/9        EV:  5    Int: 10    God:    Gozag
Gold:   715        SH: 10    Dex: 13    Spells: 8/8 levels left

rFire   x . .      SeeInvis .   n - +0 hand axe (venom)
rCold   + . .      Faith    .   d - +0 buckler
rNeg    + + +      Spirit   .   s - +0 plate armour
rPois   ∞          Reflect  +   p - +1 helmet
rElec   .          Harm     .   v - +1 cloak
rCorr   .          Rampage  .   (no gloves)
Will    ++...                   (no boots)
Stlth   ..........              i - amulet of reflection
HPRegen 0.22/turn               l - ring of willpower
MPRegen 0.11/turn               q - +4 ring of protection

@: gold aura, studying Fighting
A: cold resistance 1, negative energy resistance 3, torment resistance 2, heat
vulnerability 1, no potions
a: Renounce Religion, Potion Petition, Call Merchant, Bribe Branch


Innate Abilities, Weirdness & Mutations

You are immune to poison.
Your flesh is cold resistant. (rC+)
You are immune to negative energy. (rN+++)
You are immune to unholy pain and torment.
You are vulnerable to heat. (rF-)
You do not drink.


   Skills:
 + Level 8.1 Fighting
 * Level 8.4 Axes
 - Level 3.1 Armour
 - Level 1.5 Dodging
 - Level 4.1 Stealth
 - Level 4.0 Shields


You had 8 spell levels left.
You didn't know any spells.
Your spell library contained the following spells:

 Spells                   Type           Power      Damage    Failure   Level
 Magic Dart               Conj           0%         1d3       100%        1
 Searing Ray              Conj           0%         3d3       100%        2
 Fulminant Prism          Conj/Hex       0%         3d6       100%        4

Skill      XL: |  1  2  3  4  5  6  7  8  9 |
---------------+----------------------------+-----
Axes           | 2 3 4 5 7 8 |  8.4
Armour         | 1 2 3 |  3.1
Fighting       | 4 5 6 8 |  8.1
Shields        | 1 3 4 |  4.0
Dodging        | |  1.5
Stealth        | |  4.1

Action                   |  1- 3 |  4- 6 |  7- 9 || total
-------------------------+-------+-------+-------++-------
Melee: Hand axe          |   230 |   179 |   450 ||   859
Throw: Dart              |     2 |     3 |     2 ||     7
Evoke: Wand              |       |     9 |     7 ||    16
  Use: Scroll            |     1 |       |    12 ||    13
 Stab: Sleeping          |     1 |       |       ||     1
       Invisible         |       |     1 |       ||     1
Armor: Chain mail        |   167 |   101 |     9 ||   277
       Leather armour    |     1 |       |       ||     1
       Plate armour      |       |       |   206 ||   206
Dodge: Dodged            |   119 |    59 |    80 ||   258
Block: Other             |       |     8 |     9 ||    17
       Buckler           |       |       |   177 ||   177
       Reflection        |       |       |     1 ||     1

Inventory:

Hand Weapons
 n - a +0 hand axe of venom (weapon)
Missiles
 j - 2 atropa-tipped darts (quivered)
Armour
 a - +0 ice dragon scales
 d - a +0 buckler (worn)
 p - a +1 helmet (worn)
 s - a +0 plate armour (worn)
 v - a +1 cloak (worn)
Jewellery
 i - an amulet of reflection (around neck)
 l - a ring of willpower (left hand)
 q - a +4 ring of protection (right hand)
Wands
 c - a wand of digging (7)
Scrolls
 f - a scroll of fog
 k - 3 scrolls of fear
 r - a scroll of identify
 t - a scroll of teleportation
 u - a scroll of enchant armour
 x - a scroll of brand weapon
 y - 2 scrolls of magic mapping


You were on level 8 of the Dungeon.
You worshipped Gozag.
Gozag was pleased with you.
You visited 1 branch of the dungeon, and saw 8 of its levels.

You collected 1133 gold pieces.
You spent 322 gold pieces at shops.
You paid 96 gold pieces to Gozag.

Dungeon Overview and Level Annotations

Branches:
Dungeon (8/15)             Temple (0/1) D:6
   Lair: D:8-11

Altars:
Dithmenos
Gozag
Hepliaklqana
Kikubaaqudgha
Ru
Trog
Uskayaw
Zin
The Shining One

Shops:
D:5

[= ##...##.########
#.......#
##.#...#.####
#....#......# # #+#
#...###..##.#
##.##.######..##
##.!#.# # #
........##§§#+ ##.[.#
#.#.#.##.##.##§##
##..# ....#...#.##§@#+
##..##
#.#......##D§§##
##..##
#..........$§..###..##
###.<.##.#####..#..##
#.....##.# ##...##
#........# #####
...###.#### #### #.#
#.#


You could see a steam dragon (extremely poisoned, catching breath).

Notes
Turn   | Place    | Note
-------+----------+-------------------------------------------
     0 | D:5      | theanonym the Mummy Delver began the quest for the Orb.
     0 | D:5      | Reached XP level 1. HP: 18/18 MP: 1/1
   365 | D:3      | Reached skill level 2 in Axes
   365 | D:3      | Reached XP level 2. HP: 21/24 MP: 2/2
   425 | D:2      | HP: 8/24 [worm (7)]
   443 | D:2      | HP: 9/24 [jackal (1)]
   460 | D:2      | HP: 4/24 [kobold (4)]
   488 | D:1      | HP: 2/24 [jackal (3)]
   882 | D:1      | Reached XP level 3. HP: 24/29 MP: 3/3
   937 | D:1      | Found a faded altar of an unknown god.
  1028 | D:1      | Reached skill level 1 in Armour
  2145 | D:1      | HP: 11/29 [worm (7)]
  2153 | D:1      | HP: 10/29 [jackal (1)]
  2365 | D:2      | Found an opulent altar of Gozag.
  2616 | D:2      | Reached XP level 4. HP: 21/35 MP: 4/4
  2675 | D:2      | Became a worshipper of Gozag Ym Sagoz the Greedy
  3323 | D:3      | Reached skill level 3 in Axes
  3401 | D:3      | Found a bloodstained altar of Trog.
  3592 | D:3      | Found a hazy altar of Hepliaklqana.
  3987 | D:3      | Noticed Jessica
  3991 | D:3      | Killed Jessica
  3992 | D:3      | Reached XP level 5. HP: 40/42 MP: 5/5
  4218 | D:4      | Found a shadowy altar of Dithmenos.
  4254 | D:4      | HP: 17/42 [iguana (9)]
  4257 | D:4      | HP: 6/42 [iguana (8)]
  4263 | D:4      | HP: 2/42 [iguana (5)]
  4265 | D:4      | Reached skill level 4 in Fighting
  4265 | D:4      | Reached skill level 2 in Armour
  4642 | D:4      | Reached XP level 6. HP: 43/48 MP: 6/6
  5046 | D:4      | Noticed Ijyb
  5059 | D:4      | Killed Ijyb
  5060 | D:4      | Reached skill level 4 in Axes
  5608 | D:5      | Noticed a water moccasin
  5637 | D:4      | Killed a water moccasin
  5638 | D:4      | Reached XP level 7. HP: 36/55 MP: 7/7
  5858 | D:5      | Reached skill level 3 in Armour
  5875 | D:5      | Reached skill level 5 in Axes
  5879 | D:5      | HP: 27/55 [gnoll shaman (5)]
  6100 | D:5      | Found Woku Isugu's Jewellery Emporium.
  6101 | D:5      | Found Pisoa's Armour Boutique.
  6193 | D:5      | Bought a +0 plate armour for 322 gold pieces
  6285 | D:5      | Reached skill level 5 in Fighting
  6683 | D:5      | Reached skill level 1 in Shields
  6704 | D:5      | HP: 19/56 [ogre (20)]
  6968 | D:5      | Reached XP level 8. HP: 41/63 MP: 8/8
  7099 | D:5      | Reached skill level 6 in Axes
  7262 | D:6      | Reached skill level 2 in Shields
  7455 | D:6      | Found a staircase to the Ecumenical Temple.
  7523 | D:6      | Noticed Pikel
  7669 | D:6      | Reached skill level 6 in Fighting
  7991 | D:6      | Found a hide-covered altar of Uskayaw.
  8118 | D:6      | Reached skill level 3 in Shields
  8340 | D:6      | Reached skill level 7 in Axes
  8676 | D:6      | Found a staircase to the Ecumenical Temple.
  8703 | D:6      | Found a hide-covered altar of Uskayaw.
  9139 | D:6      | Killed Pikel
  9140 | D:6      | Reached XP level 9. HP: 37/71 MP: 9/9
  9427 | D:7      | Identified a scroll of acquirement
  9430 | D:7      | Acquired a manual of Fighting
  9567 | D:7      | Reached skill level 7 in Fighting
  9859 | D:7      | HP: 36/72 [wight (3)]
  9865 | D:7      | Found an ancient bone altar of Kikubaaqudgha.
  9866 | D:7      | Reached skill level 4 in Shields
  9872 | D:7      | HP: 33/72 [necrophage (1)]
  9883 | D:7      | HP: 34/72 [necrophage (1)]
  9890 | D:7      | Reached skill level 8 in Axes
 10397 | D:7      | HP: 37/74 [wight (7)]
 10734 | D:7      | Reached skill level 8 in Fighting
 10990 | D:7      | Found a sacrificial altar of Ru.
 11269 | D:7      | Found an ancient bone altar of Kikubaaqudgha.
 11557 | D:8      | HP: 36/74 [steam dragon (4)]
 11559 | D:8      | HP: 6/74 [steam dragon/ball of steam (21)]
 11561 | D:8      | Killed from afar by a steam dragon

Vanquished Creatures
  Pikel (D:6)
  A spriggan (D:7)
  2 water moccasins
  A black bear (D:6)
  2 sky beasts
  An ice beast (D:7)
  2 necrophages
  3 ogres
  3 lemures
  2 bullfrogs (D:7)
  5 scorpions
  5 wights (D:7)
  A howler monkey (D:5)
  2 electric eels (D:6)
  A centaur zombie (D:6)
  A bullfrog zombie (D:5)
  2 gnoll shamans
  3 hounds
  6 iguanas
  A bullfrog skeleton (D:6)
  Jessica (D:3)
  Ijyb (D:4)
  An orc wizard (D:3)
  A scorpion zombie (D:5)
  A killer bee zombie (D:5)
  A howler monkey zombie (D:7)
  8 gnolls
  6 adders
  3 shadow imps (D:6)
  2 white imps
  2 ufetubi
  A worm (D:2)
  2 dart slugs
  11 orcs
  3 ball pythons
  6 bats
  11 endoplasms
  4 giant cockroaches
  5 hobgoblins
  21 jackals
  5 kobolds
  6 quokkas
  4 frilled lizards
  6 goblins
  6 rats
163 creatures vanquished.

Vanquished Creatures (others)
  8 plants
8 creatures vanquished.

Grand Total: 171 creatures vanquished

Table legend: (Time is in decaauts)
 A = Elapsed time spent in this place.
 B = Non-inter-level travel time spent in this place.
 C = Inter-level travel time spent in this place.
 D = Time resting spent in this place.
 E = Time spent auto-exploring this place.
 F = Levels seen in this place.
 G = Mean time per level.
                   A        B        C        D        E       F      G
               +--------+--------+--------+--------+--------+-----+--------+
         Total |  11683 |  11364 |    319 |   3035 |   6618 |   8 | 1460.4 |
       Dungeon |  11683 |  11364 |    319 |   3035 |   6618 |   8 | 1460.4 |
               +--------+--------+--------+--------+--------+-----+--------+

Top non-repeatable levels by time:
     D:6: 2231 daAuts
     D:7: 2107 daAuts
     D:1: 1917 daAuts
     D:4: 1806 daAuts
     D:5: 1601 daAuts
     D:3: 1052 daAuts
     D:2: 900 daAuts
     D:8: 67 daAuts
